 Dungeon Crawl Stone Soup version 0.30.1-11-g7821555f0a (webtiles) character file.

Game seed: 15463662227884050019

203 Okkudo the Cleaver (level 5, -2/45 HPs)
             Began as a Hill Orc Monk on Dec 3, 2023.
             Slain by Ijyb
             ... wielding a +4 dagger of flaming
              (3 damage)
             ... on level 4 of the Dungeon.
             The game lasted 00:05:53 (3228 turns).

Okkudo the Cleaver (Hill Orc Monk)                  Turns: 3228, Time: 00:05:53

Health: -2/45      AC:  7    Str: 16    XL:     5   Next: 81%
Magic:  5/5        EV: 15    Int: 13    God:
Gold:   182        SH:  0    Dex: 15    Spells: 4/4 levels left

rFire   . . .        o - +0 war axe
rCold   . . .        d - orb {light}
rNeg    . . .        p - +0 scale mail
rPois   .            (no helmet)
rElec   .            (no cloak)
rCorr   +            z - +0 pair of gloves
SInv    .            (no boots)
Will    .....        (no amulet) Stlth
                     j - +5 ring of evasion
HPRegen 0.27/turn    b - ring of Elupp {rCorr Int+3 Dex+2 Slay-4}
MPRegen 0.09/turn

%: no passive effects
@: glowing
A: no striking features
a: no special abilities


You were on level 4 of the Dungeon.
You visited 1 branch of the dungeon, and saw 4 of its levels.

You collected 182 gold pieces.

Inventory:

Hand Weapons
 a - a +0 hand axe
 o - a +0 war axe (weapon)
Missiles
 y - 3 poisoned darts (quivered)
Armour
 d - an orb of light (worn)
 p - a +0 scale mail (worn)
 z - a +0 pair of gloves (worn)
Jewellery
 b - the ring of Elupp (right hand) {rCorr Int+3 Dex+2 Slay-4}
   (You found it on level 2 of the Dungeon)

   [ring of resist corrosion]

   Int:       It affects your intelligence (+3).
   Dex:       It affects your dexterity (+2).
   Slay:      It affects your accuracy & damage with ranged weapons and melee
   (-4).
   rCorr:     It protects you from acid and corrosion.
 j - a +5 ring of evasion (left hand)
Wands
 x - a wand of light (7)
Scrolls
 f - 3 scrolls of identify
 i - 3 scrolls of magic mapping
 k - 3 scrolls of teleportation {unknown}
 l - 3 scrolls of fear {unknown}
 m - 2 scrolls of summoning {unknown}
 q - a scroll of vulnerability {unknown}
 r - a scroll of enchant weapon {unknown}
 s - a scroll of torment {unknown}
 t - a scroll of enchant armour {unknown}
 A - a scroll of poison {unknown}
 B - a scroll of fog {unknown}
Potions
 c - a potion of ambrosia
 e - a potion of degeneration {unknown}
 g - a potion of might {unknown}
 h - a potion of lignification {unknown}
 n - a potion of cancellation {unknown}
 u - 2 potions of resistance
 v - a potion of haste {unknown}
 w - 2 potions of curing


   Skills:
 - Level 3.6 Fighting
 * Level 8.3 Axes
 - Level 2.4 Dodging


You had 4 spell levels left.
You didn't know any spells.
Your spell library contained the following spells:

 Spells                   Type           Power      Damage    Failure   Level
 Shock                    Conj/Air       0%         1d3       75%         1
 Sublimation of Blood     Necr           0%         N/A       87%         2
 Wereblood                Tmut           0%         N/A       87%         2
 Inner Flame              Hex/Fire       0%         N/A       98%         3
 Swiftness                Air            0%         N/A       98%         3
 Vhi's Electric Charge    Tloc/Air       0%         N/A       98%         3
 Airstrike                Air            0%         2d(0-16)  100%        4
 Arcjolt                  Conj/Air       0%         1d10      100%        5
 Yara's Violent Unravell  Hex/Tmut       0%         3d3       100%        5
 Plasma Beam              Fire/Air       0%         2x1d11    100%        6
 Enfeeble                 Hex            0%         N/A       100%        7
 Summon Hydra             Summ           0%         N/A       100%        7


Dungeon Overview and Level Annotations

Branches:
Dungeon (4/15)
 Temple: D:4-7

Altars:
Okawaru
Ru

Annotations:
D:4 Ijyb


Message History

Ijyb hits you with a +4 dagger of flaming.
Ijyb burns you.
You hit Ijyb.
Ijyb is severely wounded.
Ijyb drinks a potion.
Ijyb is healed!
You hit Ijyb.
Ijyb is moderately wounded.
Ijyb hits you with a +4 dagger of flaming.
Ijyb burns you.
You completely miss Ijyb.
Ijyb is moderately wounded.
Ijyb barely misses you.
You hit Ijyb but do no damage.
Ijyb is moderately wounded.
Ijyb closely misses you.
Ijyb hits you with a +4 dagger of flaming!
Ijyb burns you.
You hit Ijyb.
Ijyb is heavily wounded.
Ijyb hits you with a +4 dagger of flaming.
* * * LOW HITPOINT WARNING * * *
Ijyb burns you.
* * * LOW HITPOINT WARNING * * *
You barely miss Ijyb.
Ijyb is heavily wounded.
Ijyb hits you with a +4 dagger of flaming.
* * * LOW HITPOINT WARNING * * *
Ijyb burns you.
* * * LOW HITPOINT WARNING * * *
As you read the scroll labelled CERCHIC IRAHU, it crumbles to dust.
It is a scroll of identify.
i - 3 scrolls of magic mapping Ijyb hits you with a +4 dagger of flaming.
* * * LOW HITPOINT WARNING * * *
Ijyb burns you.
* * * LOW HITPOINT WARNING * * *
Unknown command.
Ijyb attacks as you move away!
Ijyb hits you with a +4 dagger of flaming.
You die...

....#.#### .
...##....#####
.#
#......#.....#
..#
######.#####.#
#.###. #.#
#.####......
#.#####.......#
#.#....(...##.#
....######..#.#
#. ##. ##@g.#
... ##..# ###
...# ###.#
..... ....#
....... #####
.....## ###..#
#..


You could see Ijyb.

Vanquished Creatures
  A scorpion (D:4)
  A hound (D:4)
  4 gnolls (D:3)
  3 adders
  An orc (D:2)
  3 endoplasms
  3 giant cockroaches
  5 goblins
  5 hobgoblins
  3 jackals (D:4)
  4 kobolds
  4 quokkas
  6 ball pythons
  4 bats
  A frilled lizard (D:2)
  4 rats
52 creatures vanquished.

Notes
Turn   | Place    | Note
-------+----------+-------------------------------------------
     0 | D:1      | Okkudo the Hill Orc Monk began the quest for the Orb.
     0 | D:1      | Reached XP level 1. HP: 19/19 MP: 1/1
   178 | D:1      | Reached XP level 2. HP: 26/26 MP: 2/2
   257 | D:1      | Reached skill level 5 in Axes
   997 | D:2      | Reached XP level 3. HP: 24/31 MP: 3/3
  1117 | D:2      | Identified the ring of Elupp {rCorr Int+3 Dex+2 Slay-4}
  1651 | D:2      | Reached skill level 6 in Axes
  1980 | D:3      | Reached XP level 4. HP: 39/39 MP: 4/4
  2352 | D:3      | Found a sacrificial altar of Ru.
  2689 | D:3      | Found an iron altar of Okawaru.
  2840 | D:4      | Reached skill level 7 in Axes
  2848 | D:4      | Noticed a scorpion
  2850 | D:4      | Killed a scorpion
  2851 | D:4      | Reached XP level 5. HP: 39/45 MP: 5/5
  2992 | D:4      | Reached skill level 8 in Axes
  3211 | D:4      | Noticed Ijyb
  3227 | D:4      | HP: 2/45 [Ijyb/+4 dagger of flaming (1)]
  3228 | D:4      | Slain by Ijyb

Illustrated notes

Levels and vault maps discovered:
D:1:      scummos_arrival_checkerplants, layout_loops_ring, serial_forest,
          infiniplex_forest_straight_4, infiniplex_forest_end_2,
          infiniplex_forest_lined_1, infiniplex_forest_pool,
          infiniplex_forest_diagonal, infiniplex_forest_clump_small,
          hangedman_abyss_or_decor_lesser_grid, solitary_fountain
D:2:      layout_basic, chequers_serial_rivers_marsh, roderic_lattice_a,
          minmay_misc_feat_encased
D:3:      layout_basic, okawaru_gym_becter, overflow_temple_1_default,
          patterned_corridor
D:4:      layout_rooms, serial_shops, shop, uniq_grinder, uniq_ijyb

Skill      XL: |  1  2  3  4  5 |
---------------+----------------+-----
Axes           | 5 6 7 8 |  8.3
Fighting       | |  3.6
Dodging        | |  2.4

Action                     |  1- 3 |  4- 6 || total
---------------------------+-------+-------++-------
  Melee: Hand axe          |   196 |       ||   196
         War axe           |    33 |    67 ||   100
    Use: Scroll            |       |     1 ||     1
 Armour: Robe              |     9 |       ||     9
         Scale mail        |     7 |    17 ||    24
  Dodge: Dodged            |    96 |    55 ||   151
